 Dungeon Crawl Stone Soup version 0.30-a0-137-gd8773701ce (webtiles) character file.

Game seed: 5399391433965835356

103 zishaf the Trooper (level 4, -2/38 HPs)
             Began as a Ghoul Warper on Sept 22, 2022.
             Killed from afar by an orc wizard (9 damage)
             ... with a magic dart
             ... on level 3 of the Dungeon.
             The game lasted 00:02:51 (2143 turns).

zishaf the Trooper (Ghoul Warper)                   Turns: 2143, Time: 00:02:52

Health: -2/38      AC:  6    Str: 16    XL:     4   Next: 79%
Magic:  5/5        EV: 11    Int:  8    God:
Gold:   143        SH:  0    Dex:  8    Spells: 6/6 levels left

rFire   . . .      SeeInvis .      - Unarmed
rCold   + . .      Faith    .    (no shield)
rNeg    + + +      Spirit   .    n - +1 ring mail "Giboc" {rPois}
rPois   ∞          Reflect  .    (no helmet)
rElec   .          Harm     .    (no cloak)
rCorr   .          Rampage  .    (no gloves)
Will    .....                    (no boots)
Stlth   ..........               (no amulet)
HPRegen 0.00/turn                (no ring)
MPRegen 0.09/turn                (no ring)

@: inhibited regen
A: claws 1, cold resistance 1, negative energy resistance 3, inhibited
regeneration, torment resistance 2, devour on kill
a: no special abilities


You were on level 3 of the Dungeon.
You visited 1 branch of the dungeon, and saw 3 of its levels.

You collected 143 gold pieces.

Inventory:

Missiles
 c - 2 boomerangs of dispersal (quivered)
 k - 5 poisoned darts
Armour
 n - the +1 ring mail "Giboc" (worn) {rPois}
   (You found it on level 3 of the Dungeon)

   rPois:     It protects you from poison.
Scrolls
 b - a scroll of blinking
 e - 3 scrolls of fog {unknown}
 g - a scroll of noise {unknown}
 h - a scroll of identify {unknown}
 i - a scroll of amnesia {unknown}
 j - a scroll of fear {unknown}
 l - a scroll of enchant weapon {unknown}
Potions
 d - a potion of curing {unknown}
 f - a potion of resistance {unknown}


   Skills:
 + Level 3.1 Fighting
 + Level 1.8 Throwing
 + Level 1.9 Armour
 + Level 2.4 Dodging
 + Level 3.0 Unarmed Combat
 - Level 1.7 Spellcasting
 - Level 2.6 Translocations


You had 6 spell levels left.
You didn't know any spells.
Your spell library contained the following spells:

 Spells                   Type           Power      Damage    Failure   Level
 Blink                    Tloc           10%        N/A       34%         2
 Foxfire                  Conj/Fire      0%         2x1d4     56%         1
 Slow                     Hex            0%         N/A       56%         1
 Gell's Gravitas          Tloc           5%         N/A       56%         3
 Lesser Beckoning         Tloc           5%         N/A       56%         3
 Teleport Other           Tloc           5%         N/A       56%         3
 Portal Projectile        Hex/Tloc       4%         N/A       75%         3
 Kindle Blastsparks       Fire/Tloc/Air  4%         2d10      80%         3
 Call Canine Familiar     Summ           0%         N/A       90%         3
 Confusing Touch          Hex            0%         N/A       90%         3
 Inner Flame              Hex/Fire       0%         N/A       90%         3
 Stone Arrow              Conj/Erth      0%         3d7       90%         3
 Vampiric Draining        Necr           0%         2d6       90%         3
 Manifold Assault         Tloc           5%         N/A       92%         4
 Animate Armour           Summ/Erth      0%         N/A       100%        4
 Flame Wave               Conj/Fire      0%         2d4       100%        4
 Leda's Liquefaction      Hex/Erth       0%         N/A       100%        4
 Lehudib's Crystal Spear  Conj/Erth      0%         10d2      100%        8


Dungeon Overview and Level Annotations

Branches:
Dungeon (3/15)

Altars:
Okawaru


Innate Abilities, Weirdness & Mutations

You are immune to poison.
You have sharp fingernails.
Your flesh is cold resistant. (rC+)
You are immune to negative energy. (rN+++)
You do not regenerate when monsters are visible.
You are immune to unholy pain and torment.
You thrive by killing the living.


Message History

You're too confused to move!
Something hits you. The orc hits you with a +0 whip.
You bump into the rock wall.
Something hits you. The orc hits you but does no damage.
You closely miss something.
You feel less confused.
You miss something. Something hits you.
You scratch something. Something hits you but does no damage.
You miss something. Something hits you.
You closely miss something. Something hits you but does no damage.
You closely miss something. Something hits you but does no damage.
You scratch something. Something hits you but does no damage.
You miss something. Something hits you but does no damage.
You barely miss something. Something hits you but does no damage.
You scratch something. Something hits you but does no damage.
You miss something. Something hits you.
You miss something. Your claw misses something.
Something hits you but does no damage.
You scratch something but do no damage. Something hits you.
You scratch something. You miss something.
Something hits you but does no damage.
You scratch something. Something hits you.
* * * LOW HITPOINT WARNING * * *
You scratch something. Something hits you.
* * * LOW HITPOINT WARNING * * *
You barely miss something. Something hits you.
* * * LOW HITPOINT WARNING * * *
A worm comes into view.
You miss something.
You hear some strange, mumbled words.
Something tries to affect you, but you resist.
You barely miss something.
You hear some strange, mumbled words.
A puff of flame appears from out of thin air!
The puff of flame misses you.
You miss something.
You hear some strange, mumbled words.
A magic dart appears from out of thin air!
The magic dart hits you!
You die...

#..####..♣♣....#
#.....#..♣♣....#
#..._.#..♣♣.....
#.....#.........
#.............##
#.###..######.#.
###......# #.#.
#)..####.######.#.
#@### #..........
#{#### ###########
#o...# #.......#
###.w..... ##.....
###.. .


You could see a worm and an orc.

Vanquished Creatures
  3 gnolls (D:3)
  A worm (D:2)
  4 orcs (D:3)
  5 ball pythons
  4 endoplasms (D:1)
  3 giant cockroaches (D:1)
  5 goblins
  6 hobgoblins
  6 jackals (D:2)
  3 kobolds (D:1)
  3 quokkas
  6 bats
  5 frilled lizards
  7 rats
61 creatures vanquished.

Notes
Turn   | Place    | Note
-------+----------+-------------------------------------------
     0 | D:1      | zishaf the Ghoul Warper began the quest for the Orb.
     0 | D:1      | Reached XP level 1. HP: 17/17 MP: 2/2
    23 | D:1      | Reached skill level 1 in Throwing
    23 | D:1      | Reached skill level 1 in Armour
   108 | D:1      | Found a faded altar of an unknown god.
   175 | D:1      | Reached XP level 2. HP: 24/25 MP: 3/3
   615 | D:1      | Reached XP level 3. HP: 28/30 MP: 4/4
  1716 | D:3      | Reached XP level 4. HP: 30/37 MP: 5/5
  2034 | D:3      | Identified the +1 ring mail "Giboc" {rPois}
  2079 | D:3      | Found an iron altar of Okawaru.
  2143 | D:3      | Killed from afar by an orc wizard

Illustrated notes

Levels and vault maps discovered:
D:1:      wander_arrival_lonely_grave, layout_basic,
          ebering_ecumenical_altar_sacrificial
D:2:      cheibrodos_helix_gallery, layout_loops_ring,
          hangedman_abyss_or_decor_lesser_grid, kennysheep_decorative_pillar
D:3:      layout_basic, mainiacjoe_overflow_chevrons, serial_curves,
          eino_curves_01, eino_curves_04, uniq_sigmund

Skill      XL: |  1  2  3  4 |
---------------+-------------+-----
Throwing       | 1 |  1.8
Armour         | 1 |  1.9
Dodging        | 2 |  2.4
Fighting       | 3 |  3.1
Unarmed Combat | 3 |  3.0
Spellcasting   | |  1.7
Translocations | |  2.6

Action                   |  1- 3 |  4- 6 || total
-------------------------+-------+-------++-------
Melee: Unarmed           |   148 |    62 ||   210
       Punch             |     5 |     1 ||     6
Throw: Dart              |       |     5 ||     5
       Boomerang         |       |     5 ||     5
Armor: Leather armour    |    51 |     4 ||    55
       Ring mail         |       |    16 ||    16
Dodge: Dodged            |    89 |    25 ||   114

Table legend: (Time is in decaauts)
 A = Elapsed time spent in this place.
 B = Non-inter-level travel time spent in this place.
 C = Inter-level travel time spent in this place.
 D = Time resting spent in this place.
 E = Time spent auto-exploring this place.
 F = Levels seen in this place.
 G = Mean time per level.
                   A        B        C        D        E       F      G
               +--------+--------+--------+--------+--------+-----+--------+
         Total |   2132 |   2094 |     38 |      0 |   1676 |   3 |  710.7 |
       Dungeon |   2132 |   2094 |     38 |      0 |   1676 |   3 |  710.7 |
               +--------+--------+--------+--------+--------+-----+--------+

Top non-repeatable levels by time:
     D:1: 958 daAuts
     D:2: 741 daAuts
     D:3: 433 daAuts
